Map: Ice and Chrome LE

Players

Stats

  • Race: Protoss Protoss
  • League: Grandmaster
  • Spawn Location: 1:00

Trap - Winner!

  • Race: Protoss Protoss
  • League: Master
  • Spawn Location: 7:00

Event: DreamHack SC2 Masters 2020 Fall

VOD

Have the link to the VOD?

Description

Time

  • Played on: Sept. 19, 2020, 11:01 a.m.
  • Length: 24:09

All games in this series

Show
View Real Time Build Order
Export as new Build Order

Stats Protoss 

Build Orders: Oracle Opening, Carriers 

Get SALT Encoding   

  12  0:00  Probe  
  13  0:12  Probe  
  14  0:17  Pylon  
  14  0:24  Probe (Chrono Boost)  
  16  0:36  Gateway, Probe (Chrono Boost)  
  16  0:43  Probe (Chrono Boost)  
  16  0:45  Assimilator  
  17  0:51  Probe  
  17  0:54  Assimilator  
  18  1:03  Probe (Chrono Boost)  
  19  1:07  Gateway  
  19  1:14  Probe (Chrono Boost)  
  20  1:19  Probe (Chrono Boost)  
  20  1:24  Cybernetics Core  
  21  1:29  Probe  
  22  1:34  Pylon  
  22  1:41  Probe  
  23  1:53  Probe  
  24  2:00  Stalker x2  
  28  2:02  Warp Gate  
  28  2:06  Probe  
  29  2:13  Pylon  
  29  2:20  Probe  
  30  2:23  Pylon  
  30  2:34  Stargate  
  30  2:41  Stalker  
  30  2:43  Stalker  
  34  3:07  Nexus  
  34  3:14  Oracle (Chrono Boost)  
  34  3:19  Probe  
  38  3:27  Pylon  
  38  3:31  Probe  
  39  3:40  Twilight Council  
  39  3:45  Probe  
  40  3:57  Probe  
  41  4:06  Stalker x2  
  41  4:09  Probe  
  46  4:13  Blink (Chrono Boost)  
  46  4:15  Shield Battery  
  46  4:22  Probe  
  46  4:23  Probe  
  48  4:33  Probe  
  48  4:34  Probe  
  48  4:36  Stalker  
  48  4:38  Stalker  
  54  4:41  Probe  
  55  4:46  Probe  
  55  4:49  Probe  
  55  4:51  Pylon  
  56  4:58  Probe  
  58  5:01  Probe  
  58  5:07  Assimilator  
  59  5:10  Probe  
  59  5:13  Probe  
  61  5:16  Sentry x2  
  65  5:21  Nexus  
  65  5:22  Pylon  
  65  5:26  Pylon  
  65  5:30  Gateway  
  65  5:31  Gateway  
  65  5:32  Phoenix  
  65  5:33  Probe x2  
  67  5:40  Forge  
  67  5:42  Sentry  
  69  5:45  Robotics Facility  
  69  5:48  Probe x2  
  71  5:54  Shield Battery  
  71  6:00  Stalker  
  71  6:02  Probe  
  71  6:03  Probe  
  75  6:07  Stalker  
  77  6:13  Protoss Ground Weapons Level 1 (Chrono Boost)  
  77  6:15  Probe x2  
  79  6:27  Probe x2 (Chrono Boost)  
  79  6:28  Phoenix  
  79  6:32  Assimilator  
  81  6:34  Probe (Chrono Boost)  
  81  6:36  Observer  
  81  6:38  Robotics Bay  
  81  6:39  Probe x2 (Chrono Boost)  
  85  6:41  Assimilator  
  85  6:43  Probe (Chrono Boost)  
  85  6:44  Assimilator  
  85  6:45  Probe x2 (Chrono Boost)  
  88  6:48  Probe (Chrono Boost)  
  88  6:53  Gateway, Probe x2  
  91  6:55  Gateway, Pylon  
  91  6:56  Immortal (Chrono Boost)  
  91  7:00  Probe  
  96  7:05  Probe  
  96  7:07  Probe  
  98  7:11  Robotics Facility  
  98  7:15  Stalker x3  
  102  7:17  Probe x2  
  102  7:20  Shield Battery  
  102  7:21  Stalker  
  108  7:29  Observer, Pylon  
  108  7:30  Pylon  
  108  7:32  Pylon  
  108  7:36  Pylon  
  109  7:43  Disruptor  
  109  7:49  Pylon  
  109  7:50  Pylon  
  112  7:57  Gravitic Boosters  
  112  7:59  Disruptor  
  115  8:14  Pylon, Charge  
  115  8:16  Pylon  
  115  8:17  Photon Cannon  
  115  8:19  Disruptor (Chrono Boost)  
  118  8:26  Stalker x3  
  124  8:27  Zealot x3  
  124  8:29  Protoss Ground Weapons Level 2  
  130  8:34  Disruptor (Chrono Boost)  
  133  8:46  Nexus  
  133  8:48  Pylon  
  133  8:52  Pylon  
  133  9:03  Disruptor (Chrono Boost)  
  133  9:04  Disruptor (Chrono Boost)  
  133  9:09  Stalker x5  
  149  9:10  Stalker  
  149  9:16  Forge  
  149  9:31  Photon Cannon  
  149  9:32  Photon Cannon  
  149  9:34  Shield Battery, Stalker x3  
  149  9:35  Stalker x2  
  149  9:37  Stalker  
  161  9:40  Disruptor (Chrono Boost), Photon Cannon  
  164  9:45  Warp Prism (Chrono Boost)  
  164  10:07  Zealot x6  
  164  10:08  Probe x4  
  180  10:19  Protoss Shields Level 1 (Chrono Boost)  
  180  10:20  Probe x2  
  180  10:32  Probe x3  
  177  10:46  Disruptor x2  
  177  10:47  Zealot x4  
  177  10:48  Zealot x2  
  193  11:04  Assimilator  
  193  11:05  Assimilator  
  189  11:23  Stargate  
  189  11:25  Fleet Beacon  
  189  11:26  Gateway  
  189  11:27  Stargate, Observer x2  
  189  11:28  Gateway  
  189  11:30  Protoss Ground Weapons Level 3 (Chrono Boost)  
  189  11:32  Gateway x2  
  191  11:33  Gateway  
  191  11:43  Pylon  
  191  11:48  Nexus  
  191  11:49  Pylon  
  191  11:51  Protoss Air Weapons Level 1 (Chrono Boost)  
  191  11:52  Cybernetics Core  
  191  11:53  Templar Archives  
  191  11:59  Dark Shrine  
  191  12:10  Protoss Ground Armor Level 1 (Chrono Boost)  
  191  12:20  Zealot x3, Observer  
  197  12:24  Observer x2  
  199  12:38  Shield Battery  
  199  12:41  Shield Battery  
  199  12:43  Photon Cannon  
  199  12:44  Photon Cannon  
  199  12:45  Shield Battery  
  199  12:46  Photon Cannon  
  199  12:48  Shield Battery, Photon Cannon  
  199  12:51  Photon Cannon  
  199  12:52  Assimilator  
  199  12:53  Protoss Air Armor Level 1  
  199  12:55  Photon Cannon  
  199  12:56  Assimilator  
  183  13:20  Carrier x3 (Chrono Boost)  
  195  13:40  Protoss Air Weapons Level 2  
  195  14:07  Protoss Shields Level 2  
  191  14:27  Mothership (Chrono Boost)  
  199  14:31  Protoss Ground Armor Level 2  
  195  15:10  Carrier x2 (Chrono Boost)  
  195  15:13  Carrier (Chrono Boost)  
  196  15:22  Protoss Air Armor Level 2  
  195  15:35  Nexus, Pylon  
  171  15:52  Stalker x4  
  171  15:53  Stalker x5  
  171  15:54  Stalker x2  
  146  16:13  Observer  
  146  16:17  Stalker x5  
  146  16:18  Stalker x6  
  138  16:48  Stalker x3  
  138  16:49  Stalker x8  
  135  17:14  Stalker  
  135  17:15  Stalker x6  
  130  17:16  Stalker  
  126  17:25  Stalker x2  
  126  17:28  Stalker  
  122  17:42  High Templar x4  
  122  17:43  High Templar x4  
  138  17:47  Archon x4  
  108  18:16  Observer x2  
  100  18:29  Stalker x8  
  100  18:30  Stalker  
  116  18:35  Observer x2  
  89  18:52  Stalker x5  
  89  18:53  Stalker x3  
  83  18:59  Stalker  
  62  19:22  Probe x3 (Chrono Boost)  
  62  19:23  Probe (Chrono Boost)  
  66  19:28  Stalker x2  
  70  19:36  Stalker  
  72  19:39  Stalker  
  72  19:44  Probe x2  
  76  19:47  Probe  
  60  20:01  Stalker  
  60  20:02  Stalker  
  64  20:13  Pylon  
  54  20:36  Stalker x6  
  54  20:39  Dark Templar  
  68  20:48  Stalker  
  68  20:49  Stalker  
  72  20:54  Dark Templar  
  68  21:22  Stalker x3  
  68  21:23  Stalker x2  
  74  21:26  Stalker  
  74  21:36  Observer  
  74  21:37  Stalker  
  64  21:55  Zealot x4  
  64  21:56  Assimilator x2  
  64  21:59  Zealot  
  74  22:02  Zealot  
  76  22:11  Zealot x2  
  80  22:15  Zealot  
  64  22:41  Zealot x4, Stalker  
  64  22:43  Stalker  
  76  22:51  Stalker  
  76  22:54  Stalker  
  80  22:59  Zealot  
  57  23:29  Zealot x5, Dark Templar  
  65  23:38  Stalker  
  67  23:42  Stalker  
  69  23:49  Stalker  
  69  23:54  Stalker  
Show
View Real Time Build Order
Export as new Build Order

Trap Protoss - Winner!

Build Orders: Phoenix Opening, Carriers 

Get SALT Encoding   

  12  0:00  Probe  
  13  0:12  Probe  
  14  0:17  Pylon  
  14  0:24  Probe (Chrono Boost)  
  15  0:36  Probe (Chrono Boost)  
  15  0:37  Gateway  
  16  0:45  Probe (Chrono Boost)  
  16  0:46  Assimilator  
  17  0:51  Probe  
  17  0:55  Assimilator  
  18  1:03  Probe (Chrono Boost)  
  19  1:08  Gateway  
  20  1:12  Probe (Chrono Boost)  
  20  1:17  Probe (Chrono Boost)  
  20  1:24  Cybernetics Core  
  21  1:29  Probe  
  22  1:35  Pylon  
  22  1:41  Probe  
  23  1:53  Probe  
  24  2:00  Warp Gate, Stalker  
  26  2:04  Sentry  
  28  2:12  Pylon  
  28  2:30  Stalker  
  30  2:39  Phoenix  
  30  2:40  Stargate  
  30  2:51  Stalker  
  32  3:07  Probe  
  32  3:10  Nexus  
  32  3:11  Shield Battery  
  33  3:19  Probe  
  37  3:27  Phoenix (Chrono Boost)  
  37  3:31  Probe  
  37  3:35  Shield Battery  
  37  3:43  Probe  
  37  3:45  Pylon  
  38  3:55  Probe (Chrono Boost)  
  38  4:01  Twilight Council  
  38  4:07  Probe (Chrono Boost)  
  39  4:16  Probe (Chrono Boost)  
  40  4:18  Stalker x2  
  40  4:23  Probe (Chrono Boost)  
  46  4:26  Probe (Chrono Boost)  
  46  4:33  Probe (Chrono Boost)  
  46  4:36  Probe (Chrono Boost)  
  46  4:38  Probe (Chrono Boost)  
  48  4:41  Blink  
  49  4:49  Probe (Chrono Boost)  
  49  4:50  Probe (Chrono Boost)  
  51  4:58  Probe (Chrono Boost), Stalker  
  55  5:01  Probe (Chrono Boost)  
  55  5:03  Probe (Chrono Boost)  
  55  5:06  Forge  
  56  5:09  Sentry  
  56  5:10  Probe  
  59  5:15  Probe  
  59  5:16  Pylon  
  60  5:22  Phoenix, Probe  
  60  5:27  Probe  
  60  5:28  Assimilator  
  62  5:33  Protoss Ground Weapons Level 1 (Chrono Boost)  
  62  5:34  Probe  
  63  5:36  Nexus, Sentry  
  63  5:39  Stalker  
  67  5:46  Probe x2  
  69  5:51  Gateway  
  69  5:56  Robotics Facility  
  69  5:59  Pylon  
  69  6:00  Probe  
  70  6:05  Pylon  
  70  6:17  Probe x2  
  72  6:19  Stalker x2  
  72  6:23  Pylon  
  72  6:24  Phoenix  
  76  6:31  Gateway x2  
  76  6:34  Probe x2  
  76  6:38  Pylon  
  78  6:42  Charge (Chrono Boost)  
  78  6:45  Observer  
  80  6:48  Probe (Chrono Boost)  
  80  6:52  Probe x2 (Chrono Boost)  
  82  6:57  Probe (Chrono Boost)  
  82  7:00  Gateway, Probe x2 (Chrono Boost)  
  82  7:01  Gateway  
  85  7:02  Probe  
  85  7:03  Warp Prism (Chrono Boost)  
  88  7:12  Stalker x3  
  94  7:17  Pylon  
  94  7:19  Assimilator  
  94  7:25  Assimilator x2, Pylon  
  94  7:28  Robotics Facility  
  94  7:31  Robotics Bay  
  94  7:37  Stalker x3  
  94  7:39  Probe x2  
  94  7:40  Probe  
  103  7:45  Pylon  
  103  7:46  Observer  
  104  7:54  Protoss Ground Weapons Level 2 (Chrono Boost)  
  104  7:56  Zealot x4  
  112  8:01  Pylon  
  112  8:02  Zealot x3  
  118  8:19  Zealot x4  
  126  8:23  Zealot x3  
  126  8:26  Probe x3  
  135  8:30  Disruptor x2 (Chrono Boost)  
  140  8:42  Probe x3  
  140  8:47  Nexus  
  143  8:50  Pylon  
  143  8:52  Gravitic Boosters  
  143  8:59  Disruptor x2 (Chrono Boost)  
  149  9:04  Pylon  
  149  9:07  Pylon  
  149  9:09  Photon Cannon  
  143  9:26  Disruptor x2 (Chrono Boost)  
  143  9:28  Dark Shrine  
  147  9:34  Probe x2, Photon Cannon  
  147  9:35  Probe  
  150  9:42  Stalker x4  
  150  9:44  Photon Cannon  
  154  10:01  Disruptor  
  155  10:11  Stalker x2  
  155  10:12  Stalker x5  
  169  10:17  Probe x3  
  169  10:18  Probe  
  171  10:24  Disruptor  
  174  10:29  Protoss Ground Weapons Level 3 (Chrono Boost)  
  172  10:36  Disruptor  
  173  10:51  Zealot x5, Photon Cannon  
  173  10:52  Zealot x2  
  181  11:05  Assimilator  
  181  11:06  Assimilator  
  181  11:07  Shield Battery, Photon Cannon  
  181  11:08  Pylon  
  181  11:10  Photon Cannon  
  177  11:13  Shadow Stride (Chrono Boost)  
  173  11:19  Fleet Beacon, Stargate  
  173  11:23  Stargate, Photon Cannon  
  173  11:28  Zealot  
  172  11:40  Oracle (Chrono Boost)  
  172  11:47  Stargate  
  175  11:49  Protoss Air Weapons Level 1 (Chrono Boost), Photon Cannon  
  175  11:53  Disruptor, Observer  
  179  12:00  Nexus  
  178  12:12  Carrier x2 (Chrono Boost)  
  190  12:21  Carrier (Chrono Boost)  
  192  12:30  Pylon  
  192  12:34  Pylon  
  192  12:35  Nexus  
  192  12:37  Pylon  
  192  12:40  Mothership (Chrono Boost)  
  194  13:00  Carrier (Chrono Boost)  
  197  13:07  Dark Templar  
  197  13:11  Carrier (Chrono Boost)  
  193  13:17  Photon Cannon  
  193  13:18  Photon Cannon  
  198  13:20  Photon Cannon  
  198  13:21  Carrier (Chrono Boost)  
  198  13:22  Photon Cannon  
  198  13:24  Shield Battery  
  199  13:41  Protoss Shields Level 1  
  199  13:45  Assimilator  
  199  13:50  Oracle, Assimilator  
  199  14:09  Cybernetics Core  
  199  14:14  Gateway  
  199  14:16  Gateway  
  199  14:18  Gateway  
  199  14:20  Gateway  
  199  14:23  Protoss Air Weapons Level 2  
  195  14:30  Dark Templar  
  195  14:31  Dark Templar  
  199  14:41  Warp Prism  
  198  14:55  Observer  
  198  14:58  Dark Templar  
  198  14:59  Dark Templar x2  
  191  15:16  Observer  
  191  15:21  Carrier x4  
  176  15:56  Stalker x6  
  182  16:05  Colossus (Chrono Boost)  
  182  16:07  Disruptor (Chrono Boost)  
  157  16:21  Mothership (Chrono Boost)  
  151  16:38  Dark Templar x2  
  161  16:40  Disruptor (Chrono Boost)  
  164  16:51  Disruptor (Chrono Boost)  
  167  16:56  Dark Templar x2  
  153  17:09  Disruptor (Chrono Boost)  
  138  17:23  Disruptor (Chrono Boost)  
  141  17:30  Nexus  
  141  17:32  Nexus  
  141  17:33  Dark Templar  
  146  17:37  Disruptor (Chrono Boost)  
  145  17:52  Disruptor  
  139  18:10  Disruptor  
  128  18:20  Stalker  
  128  18:21  Stalker x6  
  103  18:52  Disruptor x2 (Chrono Boost)  
  92  19:02  Pylon  
  90  19:11  Nexus  
  73  19:17  Stalker x2  
  73  19:18  Stalker x5  
  73  19:21  Disruptor x2 (Chrono Boost)  
  88  19:31  Pylon  
  88  19:36  Photon Cannon  
  88  19:41  Nexus, Dark Templar  
  88  19:43  Zealot  
  88  19:44  Zealot x2  
  89  19:55  Stalker  
  89  19:56  Stalker x2  
  73  20:12  Stalker x3  
  73  20:14  Stalker  
  75  20:22  Stalker x2  
  76  20:35  Stalker x3  
  80  20:50  Stalker x4  
  80  20:56  Observer (Chrono Boost)  
  83  21:24  Stalker x6  
  67  21:50  Observer (Chrono Boost)  
  68  21:55  Stalker x4  
  68  21:57  Zealot x3  
  82  22:02  Observer (Chrono Boost), Pylon  
  83  22:11  Immortal (Chrono Boost)  
  87  22:21  Zealot x2  
  91  22:23  Zealot  
  88  22:33  Zealot x2, Dark Templar  
  80  22:47  Zealot  
  80  22:48  Zealot, Immortal (Chrono Boost)  
  88  23:03  Stalker  
  88  23:04  Zealot x2  
  88  23:05  Zealot  
  96  23:09  Zealot  
  80  23:34  Zealot x6  
  80  23:36  Assimilator  
  80  23:39  Observer (Chrono Boost)  
  91  23:42  Assimilator  
  91  23:44  Photon Cannon  
  91  23:45  Probe x3  
  91  23:49  Probe  

Tags
 
Add a new tag
Caveats
  • Supply blocks, unpowered buildings, or Contaminate may cause inaccurate times.
  • Supply counts are checked every 10 seconds.